 Dungeon Crawl Stone Soup version 0.31-a0-152-g6aa68a64a1 (webtiles) character file.

Game seed: 7132899598500201890

172144 bakla the Warrior (level 17, -1/130 HPs)
             Began as a Deep Elf Brigand on June 10, 2023.
             Was a High Priest of Wu Jian.
             Slain by a +1 eveningstar of distortion (16 damage)
             ... on level 2 of the Elven Halls.
             The game lasted 01:34:07 (29007 turns).

bakla the Warrior (Deep Elf Brigand)               Turns: 29007, Time: 01:34:08

Health: -1/130     AC: 26    Str:  8    XL:     17   Next: 15%
Magic:  26/26      EV: 31    Int: 19    God:    Wu Jian [*****.]
Gold:   746        SH:  6    Dex: 22    Spells: 23/26 levels left

rFire   . . .        a - +3 rapier (speed)
rCold   + . .        i - +0 buckler
rNeg    . . .        q - +4 storm dragon scales {Bai Suzhen}
rPois   .            I - +2 helmet {SInv}
rElec   +            c - +2 cloak
rCorr   .            G - +2 pair of gloves
SInv    +            z - +1 pair of boots {Fly}
Will    +....        T - amulet of regeneration
Stlth   ++           o - +5 ring of evasion
HPRegen 1.21/turn    s - +5 ring of evasion
MPRegen 0.20/turn

%: no passive effects
@: exhausted, in a heavenly storm, attractive, flying, hasted, glowing, very
quick
A: cold resistance 1, robust 1, shaggy fur 1
}: 1/15 runes: barnacled
a: Renounce Religion, Wall Jump, Serpent's Lash, Heavenly Storm


You were on level 2 of the Elven Halls.
You worshipped Wu Jian.
Wu Jian was extremely pleased with you.
You visited 6 branches of the dungeon, and saw 29 of its levels.
You also visited: Gauntlet.

You collected 3009 gold pieces.
You spent 2263 gold pieces at shops.

Inventory:

Hand Weapons
 a - a +3 rapier of speed (weapon)
 n - a +3 rapier of flaming
 D - a +2 antimagic rapier
Missiles
 d - 59 poisoned darts (quivered)
 r - 2 throwing nets
Armour
 c - a +2 cloak (worn)
 i - a +0 buckler (worn)
 q - +4 storm dragon scales (worn) {Bai Suzhen}
 w - the +0 pair of gloves of Clean Amelioration {Rampage rN+ rCorr Str+2}
   (You found it on level 8 of the Dungeon)

   Str:       It affects your strength (+2).
   rN:        It protects you from negative energy.
   rCorr:     It protects you from acid and corrosion.
   Rampage:   It bestows one free step when moving towards enemies.
 y - a +1 troll leather armour
 z - a +1 pair of boots of flying (worn)
 F - a +2 leather armour of willpower
 G - a +2 pair of gloves (worn)
 I - a +2 helmet of see invisible (worn)
Jewellery
 g - a ring of resist corrosion
 o - a +5 ring of evasion (left hand)
 s - a +5 ring of evasion (right hand)
 t - the amulet "Jonler" {RegenMP rF+ Dex+5}
   (You found it on level 7 of the Dungeon)

   [amulet of magic regeneration]

   It increases your rate of magic regeneration.
   Dex:       It affects your dexterity (+5).
   rF:        It protects you from fire.
 u - a +4 ring of slaying
 R - a ring of protection from fire
 T - an amulet of regeneration (around neck)
 U - an amulet of reflection
Wands
 k - a wand of charming (5)
 m - a wand of polymorph (4)
 p - a wand of flame (56)
 C - a wand of digging (27)
 X - a wand of roots (19)
Scrolls
 b - 8 scrolls of identify
 j - 2 scrolls of brand weapon
 x - 2 scrolls of amnesia
 H - 2 scrolls of noise
 M - 5 scrolls of poison
 Q - 3 scrolls of fear
 V - a scroll of silence
 W - 2 scrolls of immolation
Potions
 e - 8 potions of ambrosia
 f - 2 potions of magic
 h - 4 potions of cancellation
 l - 6 potions of curing
 B - 3 potions of mutation
 O - a potion of lignification
 P - 2 potions of enlightenment
 Z - 2 potions of brilliance
Miscellaneous
 K - a sack of spiders (inert)
 N - a phantom mirror


   Skills:
 + Level 18.1 Fighting
 - Level 14.0 Short Blades
 - Level 2.0 Throwing
 + Level 16.1 Dodging
 + Level 14.9 Stealth
 - Level 4.0 Shields
 - Level 5.0 Spellcasting
 - Level 5.7 Transmutations


You had 23 spell levels left.
You knew the following spells:

 Your Spells              Type           Power      Damage    Failure   Level
a - Wereblood             Tmut           26%        N/A       99%         2
b - Beastly Appendage     Tmut           52%        N/A       98%         1

Your spell library contained the following spells:

 Spells                   Type           Power      Damage    Failure   Level
 Shock                    Conj/Air       16%        1d4       100%        1
 Slow                     Hex            16%        N/A       100%        1
 Sting                    Tmut/Pois      60%        1d6       100%        1
 Cigotuvi's Dreadful Rot  Necr/Pois/Air  8%         N/A       100%        2
 Ensorcelled Hibernation  Hex/Ice        8%         N/A       100%        2
 Lesser Beckoning         Tloc           8%         N/A       100%        2
 Passwall                 Tmut/Erth      12%        N/A       100%        2
 Poisonous Vapours        Pois/Air       8%         N/A       100%        2
 Sublimation of Blood     Necr           4%         N/A       100%        2
 Frozen Ramparts          Ice            8%         1d2       100%        3
 Inner Flame              Hex/Fire       4%         N/A       100%        3
 Spider Form              Tmut/Pois      15%        N/A       100%        3
 Summon Guardian Golem    Hex/Summ       4%         N/A       100%        3
 Swiftness                Air            4%         N/A       100%        3
 Tukima's Dance           Hex            4%         N/A       100%        3
 Vhi's Electric Charge    Tloc/Air       8%         N/A       100%        3
 Dispel Undead            Necr           4%         3d7       100%        4
 Flame Wave               Conj/Fire      4%         2d5       100%        4
 Ice Form                 Ice/Tmut       15%        N/A       100%        4
 Olgreb's Toxic Radiance  Pois           4%         N/A       100%        4
 Passage of Golubria      Tloc           4%         N/A       100%        4
 Sticky Flame             Conj/Fire      4%         2d3       100%        4
 Summon Ice Beast         Ice/Summ       4%         N/A       100%        4
 Metabolic Englaciation   Hex/Ice        2%         N/A       100%        5
 Silence                  Hex/Air        2%         N/A       100%        5
 Summon Forest            Summ/Tloc      2%         N/A       100%        5
 Summon Mana Viper        Hex/Summ       4%         N/A       100%        5
 Yara's Violent Unravell  Hex/Tmut       7%         3d5       100%        5
 Conjure Ball Lightning   Conj/Air       2%         3x3d6     100%        6
 Death Channel            Necr           2%         N/A       100%        6
 Eringya's Noxious Bog    Tmut/Pois      7%         N/A       100%        6
 Summon Cactus Giant      Summ           2%         N/A       100%        6
 Dragon Form              Tmut           13%        N/A       100%        7
 Orb of Destruction       Conj           2%         9d5       100%        7
 Spellforged Servitor     Conj/Summ      2%         N/A       100%        7
 Summon Hydra             Summ           2%         N/A       100%        7
 Discord                  Hex            2%         N/A       100%        8
 Disjunction              Tloc           2%         N/A       100%        8
 Necromutation            Tmut/Necr      7%         N/A       100%        8


Dungeon Overview and Level Annotations

Branches:
Dungeon (15/15)            Temple (1/1) D:4            Lair (5/5) D:8
 Shoals (4/4) Lair:2        Snake (0/4) Lair:3        Slime (0/5) Lair:5
    Orc (2/2) D:12            Elf (1/3) Orc:2        Vaults (0/5) D:14
 Depths (0/4) D:15        Gauntlet (visited)

Altars:
Ashenzari
Cheibriados
Dithmenos
Elyvilon
Gozag
Hepliaklqana
Kikubaaqudgha
Makhleb
Nemelex Xobeh
Okawaru
Qazlal
Ru
Sif Muna
Trog
Uskayaw
Vehumet
Wu Jian
Xom
Yredelemnul
Zin
The Shining One
Jiyva

Shops:
D:2 ?   D:14 [   Orc:1 (   Orc:2 ([::   Shoals:1 ***(   Shoals:2 !

Annotations:
D:4 2 transporters, knightboat's ghost, novice KoEn
D:8 2 runed translucent doors, 2FriedEggs's ghost, novice OpMo
D:11 3 runed translucent doors, comborobin's ghost, journeyman DEDe
Lair:3 3 runed translucent doors, Rupert; Wavoedoo's ghost, journeyman MiFi
Elf:2 Zenata


Innate Abilities, Weirdness & Mutations

Your flesh is cold resistant. (rC+)
You are robust. (+10% HP)
You are covered in fur. (AC +1)


Message History

The deep elf knight is attracted toward you.
Unknown command.
Unknown command.
A +3 dire flail of protection and a +1 eveningstar of distortion come into view.
You spin and attack the deep elf knight repeatedly.
You puncture the deep elf knight!
The deep elf knight is moderately wounded.
You puncture the deep elf knight!
The deep elf knight is heavily wounded.
The deep elf knight hits you with a +0 long sword!
* * * LOW HITPOINT WARNING * * *
The deep elf knight blocks your scorpion's attack.
A +1 short sword of holy wrath comes into view.
The +3 dire flail of protection moves out of view.
The +1 short sword of holy wrath is attracted toward you.
You swap places.
You spin and attack the deep elf knight repeatedly.
You puncture the deep elf knight!
The deep elf knight is almost dead.
You hit the deep elf knight.
You kill the deep elf knight!
The Council accepts your kill.
You spin and attack the +1 eveningstar of distortion.
You hit the +1 eveningstar of distortion but do no damage.
The +1 short sword of holy wrath hits your scorpion!
The +1 eveningstar of distortion completely misses you.
Your scorpion stings the +1 eveningstar of distortion but does no damage.
Unknown command.
Unknown command.
Unknown command.
You spin and attack the +1 eveningstar of distortion repeatedly.
You puncture the +1 eveningstar of distortion!
The +1 eveningstar of distortion is moderately damaged.
You hit the +1 eveningstar of distortion but do no damage.
The +1 eveningstar of distortion is moderately damaged.
The +1 short sword of holy wrath barely misses your scorpion.
The +1 eveningstar of distortion hits you!!
* * * LOW HITPOINT WARNING * * *
Space warps horribly around you!
You die...

........ ^..... ........
.. ...... ........
###... #...#........
#...#.. #.....#.......
#..(..#.
#.......#...§☼§#☼☼.....#
.........#..§§#(§☼§.....
..........# §#§s(§§.....
........... #☼☼§@§(.....
☼.........§##§§s§§§.....
(§....... #☼☼#§☼§§§.....
☼☼§......#§§§☼#§○.......
#☼☼☼....#.☼§☼§☼#.......#
§#☼☼...#........#.....#.
(§#§..#....##....#...#..
§§☼###....# #....###...
#### ##### #####


You could see 3 dancing weapons and 2 friendly scorpions.

Vanquished Creatures
  Bai Suzhen (Shoals:4)
  Saint Roka (Orc:2)
  Jorgrun (Shoals:2)
  Frances (Shoals:2)
  Kirke (D:15)
  An eleionoma (shapeshifter) (D:15)
  Josephine (D:15)
  A fire dragon (D:15)
  6 merfolk javelineers
  7 merfolk impalers
  Erolcha (D:10)
  2 rakshasas (D:15)
  A catoblepas (Lair:2)
  An ogre mage (D:15)
  8 hydras
  8 boulder beetles
  5 merfolk avatars
  5 centaur warriors
  2 merfolk aquamancers (Shoals:4)
  4 two-headed ogres
  A dancing weapon (Elf:2)
  An alligator snapping turtle (Shoals:1)
  3 satyrs
  3 deep elf knights
  Nergalle (D:10)
  A shadow wraith (D:14)
  3 skysharks
  A deep troll (D:14)
  11 sea snakes
  A glowing orange brain (D:15)
  A lindwurm (Lair:5)
  4 orc knights
  8 deep elf pyromancers
  20 harpies
  5 deep elf zephyrmancers
  15 ugly things
  9 cyclopes
  22 fauns
  5 orc sorcerers
  16 manticores
  4 water nymphs
  4 slime creatures (D:15)
  5 merfolk sirens
  9 black mambas
  Joseph (D:8)
  15 cane toads
  2 gargoyles
  Maggie (D:9)
  A torpor snail (Lair:5)
  11 komodo dragons
  A yaktaur (D:12)
  2 efreet (D:15)
  3 rime drakes
  An ice devil (Gauntlet)
  19 merfolk
  A queen bee (Lair:2)
  12 trolls
  5 wind drakes
  9 polar bears
  6 hornets
  6 meliai (D:13)
  10 dream sheep
  7 blink frogs
  6 snapping turtles
  3 flying skulls (Gauntlet)
  16 spriggans
  2 wyverns
  A centaur simulacrum (D:15)
  47 yaks
  4 water elementals
  6 wraiths
  A shadow (D:11)
  5 hogs
  A human (D:10)
  3 basilisks
  2 steam dragons
  5 vampire mosquitoes (D:13)
  3 nagas (Lair:3)
  A warg (D:15)
  2 acid dragons
  18 water moccasins
  29 orc warriors
  3 ice beasts
  5 black bears
  11 ogres
  4 boggarts (Lair:5)
  33 wolves
  6 centaurs
  4 kobold brigands
  17 bullfrogs
  5 gnoll sergeants
  An earth elemental (Elf:1)
  21 wights
  28 killer bees
  An electric eel (Lair:4)
  10 howler monkeys
  A quasit (D:4)
  3 hounds
  5 jellies
  24 orc priests
  5 sleepcaps
  Jessica (D:2)
  3 iguanas
  A gnoll bouda (D:4)
  22 orc wizards
  17 gnolls
  9 adders
  6 shadow imps
  6 white imps
  4 ufetubi
  A worm (D:2)
  A dart slug (D:3)
  86 orcs
  6 bats
  16 endoplasms
  6 giant cockroaches
  9 goblins
  5 hobgoblins
  12 jackals
  A quokka (D:3)
  6 ball pythons
  A frilled lizard (D:3)
  12 kobolds
  6 rats
  A spectral orc (D:15)
904 creatures vanquished.

Vanquished Creatures (others)
  A faun (Shoals:1)
  A yak (D:10)
2 creatures vanquished.

Grand Total: 906 creatures vanquished

Notes
Turn   | Place    | Note
-------+----------+-------------------------------------------
     0 | D:1      | bakla the Deep Elf Brigand began the quest for the Orb.
     0 | D:1      | Reached XP level 1. HP: 12/12 MP: 3/3
   156 | D:1      | Reached skill level 5 in Stealth
   156 | D:1      | Reached XP level 2. HP: 15/17 MP: 4/4
   186 | D:1      | Reached skill level 2 in Fighting
   504 | D:1      | Reached XP level 3. HP: 21/21 MP: 5/5
   884 | D:2      | Found a faded altar of an unknown god.
  1235 | D:2      | Noticed Jessica
  1277 | D:2      | Killed Jessica
  1278 | D:2      | Reached XP level 4. HP: 27/27 MP: 6/6
  1487 | D:2      | Found The Oracle's Delphic Readings.
  1496 | D:2      | Learned a level 2 spell: Wereblood
  2055 | D:3      | Reached skill level 1 in Spellcasting
  2116 | D:3      | Reached XP level 5. HP: 32/32 MP: 8/8
  2165 | D:3      | Found a hide-covered altar of Uskayaw.
  2167 | D:3      | Found an opulent altar of Gozag.
  2168 | D:3      | Found a hazy altar of Hepliaklqana.
  2169 | D:3      | Found a snail-covered altar of Cheibriados.
  2411 | D:4      | Noticed a phantom
  2489 | D:4      | Reached skill level 3 in Fighting
  2489 | D:4      | Reached skill level 1 in Transmutations
  2720 | D:4      | Found a transporter.
  2724 | D:4      | Noticed knightboat's ghost (novice KoEn)
  2835 | D:4      | Reached XP level 6. HP: 36/37 MP: 9/11
  2919 | D:4      | Found a transporter.
  2937 | D:4      | Found a staircase to the Ecumenical Temple.
  2948 | Temple   | Entered the Ecumenical Temple
  2983 | Temple   | Became a worshipper of the Wu Jian Council
  3237 | D:4      | Found a burning altar of Makhleb.
  3462 | D:4      | Reached XP level 7. HP: 39/42 MP: 10/13
  3552 | D:5      | Entered Level 5 of the Dungeon
  3588 | D:5      | Reached skill level 4 in Fighting
  3715 | D:4      | Reached * piety under Wu Jian
  3916 | D:5      | HP: 2/43 [ice beast (9)]
  3922 | D:5      | HP: 2/64 [ice beast (6)]
  4293 | D:5      | Reached XP level 8. HP: 40/48 MP: 14/16
  4686 | D:5      | Reached skill level 5 in Fighting
  4841 | D:6      | Reached skill level 5 in Dodging
  4989 | D:6      | Identified the +3 chain mail "Kohorph" {rElec Dex+4}
  5017 | D:6      | Found an ancient bone altar of Kikubaaqudgha.
  5207 | D:6      | Reached ** piety under Wu Jian
  5273 | D:6      | Reached skill level 5 in Short Blades
  5296 | D:6      | Found a shimmering altar of Xom.
  5665 | D:7      | Reached skill level 6 in Fighting
  6185 | D:7      | Reached XP level 9. HP: 23/56 MP: 17/17
  6509 | D:7      | Identified the amulet "Jonler" {RegenMP rF+ Dex+5}
  6609 | D:7      | Found a stormy altar of Qazlal.
  6631 | D:7      | Found a bloodstained altar of Trog.
  6741 | D:7      | Found a shadowy altar of Dithmenos.
  6999 | D:7      | Found a glowing silver altar of Zin.
  6999 | D:7      | Noticed an angel
  7039 | D:8      | Reached skill level 7 in Fighting
  7241 | D:8      | Found a large runed translucent door.
  7242 | D:8      | Found a large runed translucent door.
  7248 | D:8      | Found a staircase to the Lair.
  7311 | D:8      | Identified the +0 pair of gloves of Clean Amelioration
                  | {Rampage rN+ rCorr Str+2}
  7356 | D:8      | Noticed 2FriedEggs's ghost (novice OpMo)
  7427 | D:8      | Noticed Joseph
  7872 | D:8      | Killed Joseph
  8191 | D:9      | Noticed a troll
  8197 | D:9      | Killed a troll
  8198 | D:9      | Reached skill level 8 in Fighting
  8236 | D:9      | Noticed a troll
  8243 | D:9      | Reached XP level 10. HP: 48/64 MP: 16/18
  8569 | D:9      | Found a broken altar of Ashenzari.
  8736 | D:9      | Noticed Maggie
  8810 | Lair:1   | Entered Level 1 of the Lair of Beasts
  8810 | Lair:1   | Noticed a black mamba
  8813 | Lair:1   | Killed a black mamba
  8824 | Lair:1   | Noticed a cane toad
  8848 | Lair:1   | Killed a cane toad
  8849 | Lair:1   | Reached skill level 9 in Fighting
  8897 | Lair:1   | Noticed a black mamba
  8901 | Lair:1   | Killed a black mamba
  8931 | Lair:1   | Noticed a cane toad
  8947 | Lair:1   | Noticed a black mamba
  8948 | Lair:1   | Reached *** piety under Wu Jian
  8948 | Lair:1   | Killed a black mamba
  8967 | Lair:1   | Noticed a black mamba
  9067 | Lair:1   | Noticed a cane toad
  9079 | Lair:1   | Killed a cane toad
  9121 | Lair:1   | Noticed a cane toad
  9140 | Lair:1   | Killed a cane toad
  9282 | Lair:1   | Noticed a black mamba
  9312 | Lair:1   | Killed a black mamba
  9312 | Lair:1   | Reached XP level 11. HP: 44/72 MP: 19/19
  9380 | Lair:1   | Reached skill level 10 in Fighting
  9380 | Lair:1   | Reached skill level 10 in Dodging
  9706 | Lair:2   | Noticed a four-headed hydra
  9837 | Lair:2   | Noticed a boulder beetle
  9852 | Lair:2   | Killed a boulder beetle
 10023 | Lair:2   | Found a staircase to the Shoals.
 10434 | Lair:2   | Reached skill level 11 in Fighting
 10509 | Lair:2   | Reached **** piety under Wu Jian
 10698 | Lair:2   | Noticed a catoblepas
 10969 | Lair:3   | Found a runed translucent gate.
 10969 | Lair:3   | Found a runed translucent gate.
 10969 | Lair:3   | Found a runed translucent gate.
 10970 | Lair:3   | Noticed Wavoedoo's ghost (journeyman MiFi)
 10972 | Lair:3   | Noticed Rupert
 11139 | Lair:3   | Reached XP level 12. HP: 69/80 MP: 20/20
 11431 | Lair:3   | Found a staircase to the Snake Pit.
 11515 | Lair:3   | Paralysed by Rupert for 3 turns
 11770 | Lair:1   | Reached skill level 10 in Short Blades
 12427 | Lair:2   | Noticed an eight-headed hydra
 12676 | D:10     | Entered Level 10 of the Dungeon
 12728 | D:10     | Noticed Nergalle
 12796 | D:10     | Gained mutation: You are covered in fur. (AC +1) [potion of
                  | mutation]
 12796 | D:10     | Gained mutation: Your flesh is cold resistant. (rC+)
                  | [potion of mutation]
 12796 | D:10     | Gained mutation: You are robust. (+10% HP) [potion of
                  | mutation]
 12798 | D:10     | HP: 4/81 [spectral orc knight/+3 antimagic dire
                  | flail[Nergalle] (2)]
 12822 | D:10     | Killed Nergalle
 12823 | D:10     | Reached skill level 12 in Fighting
 13248 | D:10     | Noticed Erolcha
 13251 | D:10     | Killed Erolcha
 13655 | D:11     | Found a runed translucent gate.
 13655 | D:11     | Noticed a centaur warrior
 13655 | D:11     | Noticed a deep troll earth mage
 13770 | D:11     | Noticed a boulder beetle
 13790 | D:11     | Killed a boulder beetle
 13930 | D:11     | Noticed comborobin's ghost (journeyman DEDe)
 13990 | D:11     | Found a runed translucent gate.
 13990 | D:11     | Found a runed translucent gate.
 14023 | D:11     | Noticed a boulder beetle
 14055 | D:11     | Killed a boulder beetle
 14385 | D:12     | Noticed a boulder beetle
 14411 | D:12     | Killed a boulder beetle
 14428 | D:12     | Found a gate leading to a gauntlet.
 14479 | Gauntlet | Entered a Gauntlet
 14479 | Gauntlet | Found a transporter.
 14486 | Gauntlet | Found a transporter.
 14488 | Gauntlet | Found a transporter.
 14493 | Gauntlet | Found a runed translucent door.
 14493 | Gauntlet | Found a runed translucent door.
 14498 | Gauntlet | Found a transporter.
 14501 | Gauntlet | Found a transporter.
 14504 | Gauntlet | Noticed a blizzard demon
 14512 | Gauntlet | Found a transporter.
 14526 | Gauntlet | Found a transporter.
 14526 | Gauntlet | Noticed a ghost crab
 14530 | Gauntlet | Found a runed translucent door.
 14538 | Gauntlet | Found a transporter.
 14550 | Gauntlet | Found a transporter.
 14555 | Gauntlet | Found a transporter.
 14578 | Gauntlet | Found a transporter.
 14581 | Gauntlet | Found a transporter.
 14638 | Gauntlet | Found a transporter.
 14640 | Gauntlet | Found a transporter.
 14835 | Gauntlet | Paralysed by a hornet for 3 turns
 14836 | Gauntlet | Reached skill level 5 in Spellcasting
 14836 | Gauntlet | Reached XP level 13. HP: 38/95 MP: 22/22
 15027 | Gauntlet | Noticed a minotaur
 15308 | Gauntlet | Identified the +10 mace of Twilight {elec, Str+3}
 15342 | D:12     | Reached skill level 10 in Stealth
 15791 | D:12     | Noticed Nessos
 15793 | D:12     | Nessos changed into Nessos the yaktaur
 15793 | D:12     | Noticed Nessos
 15806 | D:12     | Killed Nessos the yaktaur
 15935 | D:12     | Found a staircase to the Orcish Mines.
 16261 | D:13     | Reached skill level 13 in Fighting
 16356 | D:13     | Reached ***** piety under Wu Jian
 16510 | D:13     | Reached skill level 5 in Transmutations
 17245 | D:9      | Killed Maggie
 17851 | Lair:3   | Found a hide-covered altar of Uskayaw.
 18411 | Lair:4   | Reached XP level 14. HP: 70/104 MP: 23/23
 18650 | Lair:4   | Identified the +0 robe of Proximity {rC++ Str+2}
 19091 | Lair:5   | Entered Level 5 of the Lair of Beasts
 19107 | Lair:5   | Reached skill level 14 in Fighting
 19451 | Lair:5   | Found a viscous altar of Jiyva.
 19459 | Lair:5   | Found a staircase to the Slime Pits.
 20083 | Lair:5   | Reached skill level 15 in Fighting
 20597 | Orc:1    | Entered Level 1 of the Orcish Mines
 20617 | Orc:1    | Found Fuxzan's Antique Weapon Shoppe.
 21083 | Orc:2    | Entered Level 2 of the Orcish Mines
 21083 | Orc:2    | Found a staircase to the Elven Halls.
 21304 | Orc:2    | Noticed Saint Roka
 21314 | Orc:2    | Killed Saint Roka
 21316 | Orc:2    | Found Rufusag's Antique Armour Emporium.
 21320 | Orc:2    | Found Feumm's Antique Weapon Shoppe.
 21328 | Orc:2    | Bought a pair of runed gloves for 217 gold pieces
 21345 | Orc:2    | Bought a shiny helmet for 217 gold pieces
 21592 | Orc:2    | Reached XP level 15. HP: 95/113 MP: 24/24
 21650 | Orc:2    | Found Zubreedo's Book Boutique.
 21733 | Orc:2    | Found Tymaez's Book Boutique.
 21738 | Orc:2    | Bought a book of Changes for 306 gold pieces
 21738 | Orc:2    | Bought a book of Chaos for 850 gold pieces
 22271 | D:14     | Found Juopluewu's Antique Armour Shoppe.
 22279 | D:14     | Bought a pair of embroidered boots for 195 gold pieces
 22664 | D:14     | Reached skill level 16 in Fighting
 23070 | D:14     | Found a gate to the Vaults.
 23392 | D:15     | Entered Level 15 of the Dungeon
 23578 | D:15     | Identified the amulet of Xuiquq {RegenMP Rampage}
 23598 | D:15     | Noticed Josephine
 23640 | D:15     | Killed Josephine
 23739 | D:15     | Got Vaesovac's Grimoire of Forms
 23837 | D:15     | Noticed Kirke
 23844 | D:15     | Noticed a sphinx
 23880 | D:15     | Killed Kirke
 23881 | D:15     | Reached skill level 1 in Shields
 23995 | D:15     | Found a hide-covered altar of Uskayaw.
 24208 | D:15     | Found a basalt altar of Yredelemnul.
 24347 | D:15     | Noticed a frost giant
 24363 | D:15     | a frost giant changed into an alligator snapping turtle
 24394 | D:15     | Found a staircase to the Depths.
 24825 | Shoals:1 | Entered Level 1 of the Shoals
 24985 | Shoals:1 | Found Pusurgh's Weapon Boutique.
 25019 | Shoals:1 | Reached skill level 17 in Fighting
 25031 | Shoals:1 | Bought a +2 rapier of speed for 336 gold pieces
 25051 | Shoals:1 | You are sucked into a shaft and drop 1 floor!
 25055 | Shoals:2 | Got the Vellum of the Elliptic Congregation
 25060 | Shoals:2 | Found Yjasyomm's Distillery.
 25132 | Shoals:2 | Noticed Jorgrun
 25141 | Shoals:2 | Noticed Frances
 25154 | Shoals:2 | Killed Jorgrun
 25157 | Shoals:2 | Killed Frances
 25192 | Shoals:1 | Reached XP level 16. HP: 123/123 MP: 25/25
 25440 | Shoals:1 | Found Isaprel's Specific Store.
 25442 | Shoals:1 | Found Ujumon's General Store.
 25503 | Shoals:1 | Found Qucw's General Store.
 25517 | Shoals:1 | Bought a scroll of enchant weapon for 142 gold pieces
 26517 | Shoals:3 | HP: 1/123 [snapping turtle (20)]
 26523 | Shoals:4 | Entered Level 4 of the Shoals
 26755 | Shoals:4 | Noticed Bai Suzhen
 26771 | Shoals:4 | Killed Bai Suzhen
 26794 | Shoals:4 | Got the Anthology of Turbulent Malisons
 26802 | Shoals:4 | Reached skill level 15 in Dodging
 26837 | Shoals:4 | Got the Secrets of the Evil Eye and the Figure
 26854 | Shoals:4 | Got a barnacled rune of Zot
 27050 | Shoals:4 | Identified the +2 morningstar of the Apocalypse {freeze,
                  | Int+3}
 28004 | Shoals:3 | Reached XP level 17. HP: 114/130 MP: 26/26
 28144 | Shoals:3 | Reached skill level 18 in Fighting
 28208 | Shoals:3 | Learned a level 1 spell: Beastly Appendage
 28902 | Elf:1    | Entered Level 1 of the Elven Halls
 28979 | Elf:1    | You are sucked into a shaft and drop 1 floor!
 28982 | Elf:2    | Noticed Zenata
 29007 | Elf:2    | Slain by a +1 eveningstar of distortion

Illustrated notes

Levels and vault maps discovered:
D:1:      mrwooster_arrival_statue_2, layout_basic, minmay_3d_cube
D:2:      layout_basic, shapermc_ecumenical_altar_mp_highgroup,
          kennysheep_cross_bottleneck, nicolae_nh_oracle_at_delphi, uniq_jessica
D:3:      layout_basic, minitemple, minmay_statues_item, nicolae_titane
D:4:      layout_basic, lemuel_crystal_altar, minmay_temple_entry_poolview,
          serial_demonic, serial_demonic_g, serial_demonic_e, serial_demonic_a,
          serial_demonic_a, serial_demonic_b, gammafunk_ghost_mausoleum,
          st_stairs_11
D:5:      layout_cave_pools, hellmonk_no_cap
D:6:      layout_loops_ring, lemuel_tele_altar, xom_butterflies,
          nicolae_eternal_life
D:7:      layout_basic, mainiacjoe_overflow_catwalk, zin_angel,
          mainiacjoe_overflow_large_starburst
D:8:      layout_loops_ring, dpeg_oklobed_lair, ebering_ghost_disaster_area,
          uniq_joseph
D:9:      layout_basic, evilmike_ruin_ashenzari, serial_bayou_pond_e,
          uniq_maggie
D:10:     layout_loops_ring, grunt_livestock, uniq_erolcha, uniq_nergalle
D:11:     layout_roguey, gammafunk_ghost_split
D:12:     layout_long_grid, kennysheep_orc_monster_closet_entryway,
          gauntlet_entry_generic, nicolae_elevator_lobby_plus, uniq_nessos
D:13:     layout_basic
D:14:     layout_stronghold, david_vaults_4, serial_shops, shop
D:15:     gammafunk_enter_depths_forms, layout_basic, nicolae_uskayaw_en_pointe,
          grunt_ministairs_1, st_stairs_12, yredelemnul_forgotten_temple_becter,
          uniq_josephine, uniq_kirke
Temple:   compressed_dpeg_circular_temple
Lair:1:   kb_forest_paths, layout_small_grid
Lair:2:   layout_roguey [special_room_bee], minmay_shoals_entry_beasts,
          minivault_25, grunt_forest_large_clearings, grunt_megastairs_5
Lair:3:   layout_regular_city, minmay_snake_entry_guardpost_small, basic_altar,
          ebering_ghost_rock_garden, lemuel_fruit_fields, uniq_rupert
Lair:4:   layout_long_grid, lemuel_fruit_fields, grunt_megastairs_3,
          lemuel_fruit_fields, serial_bayou_shore_a
Lair:5:   minmay_lair_end_enchanted_forest, layout_regular_city,
          nicolae_slime_entry_field_trip, chequers_serial_rivers_room_b
Shoals:1: layout_shoals, serial_shops, shop, shop, nicolae_specific_store
Shoals:2: layout_shoals, serial_shops, nicolae_take_the_stairs,
          argonaut_gorgonesque, uniq_frances, uniq_jorgrun
Shoals:3: layout_shoals, nicolae_shoals_hunting_party
Shoals:4: shoals_end_grunt_garden, layout_shoals, nicolae_shoals_water_booths,
          uniq_bai_suzhen
Orc:1:    layout_diamond_mine, serial_shops, nicolae_shop_just_a_little_nook,
          hellmonk_bongcloud_opening, nicolae_orc_crystal_geode
Orc:2:    grunt_orc_community_town_hall, layout_caves,
          grunt_orc_community_big_house_1, grunt_orc_community_big_house_2,
          grunt_orc_community_house_1, grunt_orc_community_house_1,
          grunt_orc_community_house_3, grunt_orc_community_house_3,
          elves_outpost_lemuel
Elf:1:    nicolae_elf_arrival_aired_out, layout_loops_cross,
          portal_desolation_entry_ruin, hangedman_elven_crosses_minicolossus,
          kb_rosetta, lemuel_upstairs_altar, uniq_roxanne
Elf:2:    nicolae_elf_blades_splatter_lattice [nicolae_blade_little_rooms],
          layout_rooms, hellmonk_ghost_happy_afterlife, drop_trap, uniq_zenata

Skill      XL: |  1  2  3  4  5  6  7  8  9 10 11 12 13 14 15 16 17 |
---------------+----------------------------------------------------+-----
Stealth        | 5 7 9 11 14 | 14.9
Fighting       | 2 3 4 6 8 9 11 12 13 15 17 18 | 18.1
Dodging        | 2 3 4 6 8 9 11 12 13 15 16 | 16.1
Spellcasting   | 1 2 4 5 |  5.0
Transmutations | 1 2 3 5 |  5.7
Short Blades   | 3 4 5 7 8 9 10 11 12 14 | 14.0
Shields        | 3 4 |  4.0
Throwing       | |  2.0

Action                     |  1- 3 |  4- 6 |  7- 9 | 10-12 | 13-15 | 16-18 || total
---------------------------+-------+-------+-------+-------+-------+-------++-------
  Melee: Dagger            |    70 |   280 |   521 |   953 |       |       ||  1824
         Punch             |       |     6 |    11 |     2 |       |       ||    19
         Short sword       |       |       |       |   815 |       |       ||   815
         Rapier            |       |       |       |    69 |  2561 |  1350 ||  3980
  Throw: Dart              |     1 |    14 |    20 |    38 |    22 |     2 ||    97
         Boomerang         |       |     1 |       |       |       |       ||     1
         Throwing net      |       |       |       |       |     3 |       ||     3
   Cast: Wereblood         |       |     4 |    17 |    25 |    37 |     6 ||    89
 Invoke: Serpent's Lash    |       |       |       |    11 |    17 |     7 ||    35
         Heavenly Storm    |       |       |       |       |     2 |     2 ||     4
Ability: Lunge             |       |     4 |    34 |    47 |   111 |    72 ||   268
         Whirlwind         |       |       |    58 |   249 |   944 |   440 ||  1691
  Evoke: Wand              |       |       |     4 |    20 |    27 |       ||    51
         Phantom mirror    |       |       |       |       |     5 |       ||     5
    Use: Scroll            |     3 |     8 |     7 |    11 |    15 |     8 ||    52
         Potion            |       |     2 |     6 |     4 |     7 |     5 ||    24
   Stab: Sleeping          |    19 |    11 |    10 |    27 |    22 |    15 ||   104
         Distracted        |       |     1 |     1 |     3 |    13 |     1 ||    19
         Petrified         |       |       |       |       |     5 |       ||     5
         Petrifying        |       |       |       |       |     2 |       ||     2
         Held in net/web   |       |       |       |       |     6 |       ||     6
         Invisible         |       |       |       |       |    10 |       ||    10
 Armour: Robe              |    15 |    43 |    24 |     1 |       |       ||    83
         Skin              |       |       |    21 |       |       |       ||    21
         Troll leather arm |       |       |       |    80 |   176 |    68 ||   324
         Storm dragon scal |       |       |       |       |       |    10 ||    10
  Dodge: Dodged            |    21 |   272 |   314 |  1176 |  1940 |   598 ||  4321
  Block: Buckler           |       |       |       |   237 |   362 |   131 ||   730

Table legend: (Time is in decaauts)
 A = Elapsed time spent in this place.
 B = Non-inter-level travel time spent in this place.
 C = Inter-level travel time spent in this place.
 D = Time resting spent in this place.
 E = Time spent auto-exploring this place.
 F = Levels seen in this place.
 G = Mean time per level.
                   A        B        C        D        E       F      G
               +--------+--------+--------+--------+--------+-----+--------+
         Total |  27924 |  25795 |   2129 |   1541 |  16038 |  30 |  930.8 |
       Dungeon |  14980 |  13722 |   1258 |    930 |   9087 |  15 |  998.7 |
        Temple |     76 |     40 |     36 |      0 |     26 |   1 |   76.0 |
          Lair |   6611 |   6188 |    423 |    284 |   3540 |   5 | 1322.2 |
        Shoals |   3723 |   3449 |    274 |     51 |   2193 |   4 |  930.8 |
  Orcish Mines |   1612 |   1476 |    136 |      0 |    976 |   2 |  806.0 |
   Elven Halls |     95 |     95 |      0 |      0 |      0 |   2 |   47.5 |
      Gauntlet |    822 |    822 |      0 |    276 |    216 |   1 |  822.0 |
               +--------+--------+--------+--------+--------+-----+--------+

Top non-repeatable levels by time:
  Lair:1: 1764 daAuts
     D:7: 1558 daAuts
     D:4: 1484 daAuts
  Lair:2: 1442 daAuts
  Lair:5: 1275 daAuts
  Lair:3: 1245 daAuts
    D:14: 1230 daAuts
Shoals:4: 1110 daAuts
    D:12: 1108 daAuts
     D:8: 1100 daAuts
    D:15: 1098 daAuts
   Orc:2: 981 daAuts
Shoals:1: 960 daAuts
Shoals:3: 937 daAuts
    D:10: 933 daAuts
